 Dungeon Crawl Stone Soup version 0.30-a0-272-gf98c3da03f (webtiles) character file.

Game seed: 2155919696286480064

2006 Lanoc the Shield-Bearer (level 9, -4/132 HPs)
             Began as a Troll Fighter on Oct 15, 2022.
             Was a Follower of Makhleb.
             Slain by a merfolk
             ... wielding a +0 trident
             ... led by the fury of Okawaru
              (12 damage)
             ... on level 7 of the Dungeon.
             The game lasted 00:10:13 (2958 turns).

Lanoc the Shield-Bearer (Troll Fighter)             Turns: 2958, Time: 00:10:13

Health: -4/132     AC: 24    Str: 26    XL:     9   Next: 2%
Magic:  8/8        EV:  1    Int:  9    God:    Makhleb [*.....]
Gold:   385        SH: 11    Dex: 24    Spells: 8/8 levels left

rFire   . . .      SeeInvis .    a - +7 spear "Wonliowe" {vorpal, Int+5 Dex+5}
rCold   . . .      Faith    .    c - +0 kite shield
rNeg    . . .      Spirit   .    (body armour currently unavailable)
rPois   +          Reflect  .    (helmet currently unavailable)
rElec   .          Harm     .    (cloak currently unavailable)
rCorr   .          Rampage  .    (gloves unavailable)
Will    .....      NoTele   +    (boots unavailable)
Stlth   ++........               (no amulet)
HPRegen 1.22/turn                e - +6 ring of dexterity
MPRegen 0.11/turn                v - +4 ring of slaying

@: mighty, tree-form
A: stationary, stasis, torment immunity, boosted hp, large, unfitting armour,
(claws 3), regeneration 1, (shaggy fur 1), (tough skin 1)
a: Renounce Religion


You were on level 7 of the Dungeon.
You worshipped Makhleb.
Makhleb was aware of your devotion.
You were a tree.
You visited 2 branches of the dungeon, and saw 8 of its levels.
You also visited: Ossuary.

You collected 385 gold pieces.

Inventory:

Hand Weapons
 a - the +7 spear "Wonliowe" (weapon) {vorpal, Int+5 Dex+5}
   (You found it on level 3 of the Dungeon)

   It inflicts extra damage upon your enemies.
   Int:       It affects your intelligence (+5).
   Dex:       It affects your dexterity (+5).
 b - the +8 sling of Ravage {venom, Dex+2}
   (You found it on level 5 of the Dungeon)

   Any ammunition fired from it poisons the flesh of those it strikes.
   Dex:       It affects your dexterity (+2).
 k - a +2 war axe of pain
 s - a +0 flail
Armour
 c - a +0 kite shield (worn)
 A - a +2 robe of willpower (melded)
Jewellery
 e - a +6 ring of dexterity (left branch)
 j - a ring of protection from fire
 n - a ring of magical power
 v - a +4 ring of slaying (right branch)
Wands
 p - a wand of digging (8)
 q - a wand of flame (10)
 z - a wand of polymorph (28)
Scrolls
 f - a scroll of butterflies
 g - 2 scrolls of enchant weapon
 r - a scroll of vulnerability
Potions
 d - a potion of might
 h - a potion of lignification
 i - 3 potions of attraction {unknown}
 l - 2 potions of degeneration {unknown}
 m - 4 potions of curing {unknown}
 o - a potion of heal wounds {unknown}
 t - 3 potions of flight {unknown}
 u - a potion of berserk rage
 w - a potion of haste
 x - 2 potions of resistance {unknown}
 B - a potion of invisibility


   Skills:
 + Level 5.6 Fighting
 - Level 1.7 Maces & Flails
 + Level 4.3 Polearms
 + Level 5.6 Dodging
 - Level 6.0 Shields


You had 8 spell levels left.
You didn't know any spells.
Your spell library contained the following spells:

 Spells                   Type           Power      Damage    Failure   Level
 Foxfire                  Conj/Fire      0%         2x1d4     65%         1
 Anguish                  Hex/Necr       0%         N/A       100%        4
 Fireball                 Conj/Fire      0%         3d3       100%        5
 Starburst                Conj/Fire      0%         6d3       100%        6
 Enfeeble                 Hex            0%         N/A       100%        7


Dungeon Overview and Level Annotations

Branches:
Dungeon (7/15)             Temple (1/1) D:6         Ossuary (visited)

Altars:
Ashenzari
Cheibriados
Dithmenos
Elyvilon
Fedhas
Gozag
Hepliaklqana
Kikubaaqudgha
Makhleb
Nemelex Xobeh
Okawaru
Qazlal
Ru
Sif Muna
Trog
Uskayaw
Vehumet
Wu Jian
Yredelemnul
Zin
The Shining One

Annotations:
D:6 1 runed translucent door, Crazy Yiuf
Temple 4 transporters


Innate Abilities, Weirdness & Mutations

You are a tree.
Your roots penetrate the ground, keeping you stationary.
You cannot be teleported.
You are immune to unholy pain and torment.
Your maximum health is greatly increased.
Your equipment is partially melded.
You are too large for most types of armour.
((You have claws for hands.))
Your natural rate of healing is unusually fast.
((You are covered in fur. (AC +1)))
((You have tough skin. (AC +1)))


Message History

An orc comes into view. It is wielding a +0 dagger.
The merfolk javelineer throws a javelin.
The javelin pierces through you!!
As you close the door, it creaks loudly!
You are too injured to fight recklessly!
Fire: b) +8 sling of Ravage {venom, Dex+2}
Press: ? - help, Q - select action, (/) - cycle Shift-Dir - straight line, f - orc
Aim: an orc, wielding a +0 dagger and wearing a +0 chain mail (78% to hit)
You shoot a sling bullet. The sling bullet hits the orc!
You kill the orc!
Makhleb accepts your kill.
Char dumped successfully.
The +8 sling of Ravage {venom, Dex+2} stops dripping with poison.
You feel clever.
You feel agile.
a - the +7 spear "Wonliowe" (weapon)
{vorpal, Int+5 Dex+5} A merfolk javelineer opens the door.
The merfolk javelineer throws a javelin.
The javelin pierces through you!!
* * * LOW HITPOINT WARNING * * *
There is an open door, spattered with blood here.
You puncture the merfolk javelineer!
The merfolk javelineer is moderately wounded.
The merfolk javelineer throws a javelin.
The javelin barely misses you.
You feel very mighty all of a sudden.
The merfolk javelineer throws a javelin.
The javelin misses you.
You barely miss the merfolk javelineer.
The merfolk javelineer is moderately wounded.
The merfolk javelineer throws a javelin.
The javelin pierces through you!!
* * * LOW HITPOINT WARNING * * *
You block the merfolk's attack.
It was a potion of lignification.
You turn into a tree.
Your +2 robe of willpower melds into your body.
You feel less strong-willed.
Your roots penetrate the ground.
The merfolk javelineer throws a javelin.
The javelin pierces through you but does no damage.
The merfolk hits you from afar with a +0 trident!
You die...

###############
#.............#
#.............#########
#...........mm♣....).)#
#.............#######.#
###.....###'### .
#.###.# #.# .####..##.#
#.# .......##.# #.# #
##.##.....# #.# #.#
...<.......##.###....
..####.###.##........


You could see a merfolk javelineer (poisoned) and a merfolk.

Vanquished Creatures
  Sigmund (D:5)
  Menkaure (D:5)
  A water moccasin (D:6)
  Duvessa (D:5)
  An ogre (D:6)
  A centaur (D:7)
  2 phantoms
  2 bullfrogs
  A necrophage (D:4)
  2 scorpions
  4 wights (D:6)
  Dowan (D:5)
  A howler monkey (D:5)
  A human zombie (Ossuary)
  4 jellies
  5 hounds
  3 iguanas
  Ijyb (D:5)
  Natasha (thrice) (D:3)
  3 mummies (Ossuary)
  2 adders
  3 adder zombies (Ossuary)
  2 worms
  10 orcs
  3 ball pythons
  A bat (D:2)
  12 giant cockroaches
  5 goblins
  3 hobgoblins
  6 jackals
  6 kobolds
  A quokka (D:4)
  10 frilled lizards
  A goblin zombie (Ossuary)
  2 hobgoblin zombies (Ossuary)
  A kobold zombie (Ossuary)
  6 quokka zombies (Ossuary)
  2 rats (D:1)
  4 rat zombies (Ossuary)
119 creatures vanquished.

Vanquished Creatures (others)
  7 plants (D:3)
7 creatures vanquished.

Grand Total: 126 creatures vanquished

Notes
Turn   | Place    | Note
-------+----------+-------------------------------------------
     0 | D:1      | Lanoc the Troll Fighter began the quest for the Orb.
     0 | D:1      | Reached XP level 1. HP: 22/22 MP: 0/0
    70 | D:1      | Reached XP level 2. HP: 29/29 MP: 1/1
   192 | D:3      | Reached skill level 3 in Shields
   296 | D:3      | Found a faded altar of an unknown god.
   301 | D:3      | Reached XP level 3. HP: 29/36 MP: 2/2
   312 | D:3      | Prayed at the altar of an unknown god.
   312 | D:3      | Became a worshipper of Warmaster Okawaru
   312 | D:3      | Reached * piety under Okawaru
   344 | D:3      | Noticed Natasha
   352 | D:3      | Killed Natasha
   374 | D:3      | Noticed Natasha
   378 | D:3      | Killed Natasha
   379 | D:3      | Reached XP level 4. HP: 45/45 MP: 3/3
   632 | D:3      | Noticed Natasha
   638 | D:3      | Killed Natasha
   667 | D:3      | Identified the +7 spear "Wonliowe" {vorpal, Int+5 Dex+5}
   934 | D:4      | Reached XP level 5. HP: 53/53 MP: 4/4
  1098 | D:4      | Reached skill level 1 in Polearms
  1161 | D:4      | Reached skill level 4 in Shields
  1164 | D:4      | Reached ** piety under Okawaru
  1165 | D:4      | Reached XP level 6. HP: 62/62 MP: 5/5
  1345 | D:5      | Entered Level 5 of the Dungeon
  1483 | D:5      | Reached XP level 7. HP: 64/70 MP: 6/6
  1505 | D:5      | Found a radiant altar of Vehumet.
  1561 | D:5      | Noticed Dowan
  1562 | D:5      | Noticed Duvessa
  1614 | D:5      | Killed Duvessa
  1614 | D:5      | Reached *** piety under Okawaru
  1624 | D:5      | Killed Dowan
  1697 | D:5      | Noticed Sigmund
  1704 | D:5      | Killed Sigmund
  1705 | D:5      | Reached skill level 5 in Shields
  1759 | D:5      | Identified the +8 sling of Ravage {venom, Dex+2}
  1852 | D:5      | Reached XP level 8. HP: 79/79 MP: 7/7
  1882 | D:5      | Noticed Menkaure
  1885 | D:5      | Noticed Ijyb
  1887 | D:5      | Killed Menkaure
  1888 | D:5      | Killed Ijyb
  2121 | D:6      | Reached skill level 5 in Dodging
  2125 | D:6      | Reached skill level 5 in Fighting
  2131 | D:6      | Reached **** piety under Okawaru
  2157 | D:6      | Found a burning altar of Makhleb.
  2166 | D:6      | Fell from the grace of Okawaru
  2166 | D:6      | Became a worshipper of Makhleb the Destroyer
  2242 | D:6      | Found a sand-covered staircase.
  2248 | Ossuary  | Entered an ossuary
  2360 | Ossuary  | Reached * piety under Makhleb
  2470 | D:6      | Reached skill level 6 in Shields
  2511 | D:6      | Found a staircase to the Ecumenical Temple.
  2537 | Temple   | Entered the Ecumenical Temple
  2537 | Temple   | Found a transporter.
  2537 | Temple   | Found a transporter.
  2539 | Temple   | Found a transporter.
  2539 | Temple   | Found a transporter.
  2586 | D:6      | Found a runed translucent door.
  2587 | D:6      | Noticed Crazy Yiuf
  2797 | D:6      | Noticed a minotaur
  2797 | D:6      | Noticed a minotaur
  2920 | D:7      | Noticed a merfolk javelineer
  2920 | D:7      | Noticed a merfolk
  2920 | D:7      | Noticed a merfolk
  2920 | D:7      | Noticed a merfolk
  2920 | D:7      | Noticed a minotaur
  2945 | D:7      | Reached XP level 9. HP: 75/88 MP: 8/8
  2958 | D:7      | Slain by a merfolk

Illustrated notes

Levels and vault maps discovered:
D:1:      dpeg_arrival_line_fractal, layout_basic
D:2:      layout_loops_ring
D:3:      minmay_roachtagon, layout_basic, basic_ecumenical_altar,
          minmay_lizard_king, uniq_natasha
D:4:      minmay_angry_zag, layout_rooms
D:5:      layout_basic, nicolae_vehumet_altar_sigil, uniq_menkaure,
          uniq_sigmund, uniq_ijyb, uniq_duvessa
D:6:      layout_rooms, makhleb_blood_cavern_becter, minmay_temple_entry_tees,
          serial_glass, glass_columns_a, glass_columns_a, glass_columns_b,
          glass_columns_b, glass_columns_a, glass_columns_a, glass_columns_c,
          glass_columns_a, glass_columns_a, glass_columns_b, glass_columns_a,
          glass_columns_b, glass_columns_a, glass_columns_a,
          lightli_ossuary_entry_decrepit_ruins, uniq_crazy_yiuf_cottage
D:7:      layout_basic, enter_bailey_5, minmay_parallelograms
Temple:   hellmonk_temple_divided_pantheon

Skill      XL: |  1  2  3  4  5  6  7  8 |
---------------+-------------------------+-----
Shields        | 3 4 5 6 |  6.0
Fighting       | 3 4 5 |  5.6
Dodging        | 3 4 5 |  5.6
Polearms       | 1 2 3 4 |  4.3
Maces & Flails | |  1.7

Action                   |  1- 3 |  4- 6 |  7- 9 || total
-------------------------+-------+-------+-------++-------
Melee: Flail             |    42 |       |       ||    42
       War axe           |    10 |    24 |       ||    34
       Spear             |       |    81 |    38 ||   119
       Unarmed           |       |       |    17 ||    17
 Fire: Sling             |       |       |    92 ||    92
  Use: Scroll            |       |       |    14 ||    14
       Potion            |       |       |     2 ||     2
 Stab: Sleeping          |     1 |     2 |       ||     3
       Distracted        |       |     1 |       ||     1
Armor: Robe              |    21 |    17 |     7 ||    45
       Skin              |       |       |     3 ||     3
Dodge: Dodged            |    19 |    46 |    33 ||    98
Block: Kite shield       |    27 |    52 |    29 ||   108

Table legend: (Time is in decaauts)
 A = Elapsed time spent in this place.
 B = Non-inter-level travel time spent in this place.
 C = Inter-level travel time spent in this place.
 D = Time resting spent in this place.
 E = Time spent auto-exploring this place.
 F = Levels seen in this place.
 G = Mean time per level.
                   A        B        C        D        E       F      G
               +--------+--------+--------+--------+--------+-----+--------+
         Total |   3048 |   2776 |    272 |      0 |   1898 |   9 |  338.7 |
       Dungeon |   2831 |   2570 |    261 |      0 |   1797 |   7 |  404.4 |
        Temple |     26 |     15 |     11 |      0 |      6 |   1 |   26.0 |
       Ossuary |    190 |    190 |      0 |      0 |     95 |   1 |  190.0 |
               +--------+--------+--------+--------+--------+-----+--------+

Top non-repeatable levels by time:
     D:3: 803 daAuts
     D:5: 735 daAuts
     D:6: 547 daAuts
     D:4: 427 daAuts
 Ossuary: 190 daAuts
     D:7: 146 daAuts
     D:2: 87 daAuts
     D:1: 84 daAuts
  Temple: 26 daAuts
